Map: Blackpink LE

Players

Noxius

  • Race: Zerg Zerg
  • League: Diamond
  • Spawn Location: 7:00

Dessa - Winner!

  • Race: Zerg Zerg
  • League: Diamond
  • Spawn Location: 1:00

VOD

Have the link to the VOD?

Description

Time

  • Played on: Dec. 14, 2017, 7:53 a.m.
  • Length: 4:40
Show
View Real Time Build Order
Export as new Build Order

Noxius Zerg 

Build Orders: Pool First 

Get SALT Encoding   

  12  0:06  Drone  
  13  0:12  Overlord  
  13  0:17  Drone  
  14  0:30  Drone x2  
  16  0:38  Drone  
  16  0:41  Extractor  
  16  0:49  Drone  
  17  0:52  Spawning Pool  
  16  1:00  Drone  
  17  1:20  Drone  
  17  1:22  Hatchery  
  17  1:42  Queen  
  17  1:43  Zergling x4  
  17  1:46  Metabolic Boost  
  21  1:53  Overlord  
  21  2:13  Zergling x4  
  21  2:15  Baneling Nest  
  22  2:20  Zergling x2  
  23  2:33  Zergling x2  
  23  2:36  Zergling x2  
  24  2:45  Zergling x4  
  26  2:57  Zergling x4  
  28  2:59  Overlord  
  28  3:11  Zergling x2  
  28  3:12  Zergling x2  
  29  3:17  Baneling x6  
  29  3:26  Zergling x2  
  31  3:27  Zergling x6  
  31  3:30  Zergling x4  
  26  3:47  Zergling x8  
  26  3:48  Zergling x2  
  27  4:10  Zergling x4  
  27  4:11  Zergling x8  
  29  4:23  Zergling x4  
Show
View Real Time Build Order
Export as new Build Order

Dessa Zerg - Winner!

Build Orders: Pool First 

Get SALT Encoding   

  12  0:00  Drone  
  13  0:12  Overlord  
  13  0:17  Drone  
  14  0:31  Drone x2  
  16  0:38  Drone  
  17  0:45  Drone, Extractor  
  17  0:53  Spawning Pool  
  17  0:56  Drone  
  17  1:10  Drone  
  18  1:22  Hatchery  
  17  1:26  Drone  
  17  1:32  Overlord  
  18  1:40  Zergling x2  
  19  1:47  Metabolic Boost  
  19  1:50  Zergling x2  
  20  1:58  Queen  
  22  2:06  Drone  
  23  2:14  Baneling Nest  
  23  2:15  Drone  
  23  2:29  Drone  
  24  2:34  Queen  
  24  2:45  Queen  
  24  2:48  Zergling x4  
  28  2:52  Drone  
  28  2:53  Drone  
  28  2:55  Zergling x2  
  30  3:16  Zergling x4  
  30  3:17  Baneling  
  30  3:18  Baneling  
  31  3:23  Drone  
  31  3:24  Drone, Zergling x6  
  36  3:27  Overlord  
  31  3:44  Baneling x3  
  31  3:46  Queen  
  33  3:51  Drone  
  33  3:52  Drone x2  
  36  3:56  Roach Warren  
  33  4:08  Zergling x4  
  33  4:09  Zergling x6  
  34  4:18  Zergling x2  
  34  4:20  Zergling x6  
Tags
 
Matchup
ZvZ
Race
Zerg
Replay Pack
2017S4
Spawn Locations
Cross Positions
Add a new tag
Caveats
  • Supply blocks, unpowered buildings, or Contaminate may cause inaccurate times.
  • Supply counts are checked every 10 seconds.